 Dungeon Crawl Stone Soup version 0.30-b1-2-g02819fbbbe (webtiles) character file.

Game seed: 11370217599842151596

130 Anothat the Trooper (level 5, -1/47 HPs)
             Began as a Ghoul Monk on May 7, 2023.
             Was a Priest of Dithmenos.
             Splashed by a jelly's acid (11 damage)
             ... on level 4 of the Dungeon.
             The game lasted 00:03:11 (1856 turns).

Anothat the Trooper (Ghoul Monk)                    Turns: 1856, Time: 00:03:12

Health: -1/47      AC: -13   Str: 17    XL:     5   Next: 13%
Magic:  4/4        EV: 11    Int:  5    God:    Dithmenos [***...]
Gold:   112        SH:  0    Dex: 11    Spells: 4/4 levels left

rFire   . .          .
                       - Unarmed
rCold   + . .        (no shield)
rNeg    + + +        f - +0 ring mail
rPois   ∞            (no helmet)
rElec   .            r - +0 cloak
rCorr   .            (no gloves)
SInv    .            (no boots)
Will    .....        (no amulet)
Stlth   +            (no ring)
HPRegen 0.00/turn    (no ring)
MPRegen 0.09/turn

%: no passive effects
@: corroded, inhibited regen, wreathed by umbra
A: claws 1, cold resistance 1, negative energy resistance 3, inhibited
regeneration, torment resistance 2, devour on kill
a: Renounce Religion, Shadow Step


You were on level 4 of the Dungeon.
You worshipped Dithmenos.
Dithmenos was most pleased with you.
You visited 1 branch of the dungeon, and saw 4 of its levels.

You collected 112 gold pieces.

Inventory:

Armour
 a - a +0 robe
 c - an orb of light
 f - a +0 ring mail (worn)
 q - the +1 ring mail "Non Wurph" {rF+ Regen+}
   (You found it on level 4 of the Dungeon)

   rF:        It protects you from fire.
   Regen:     It increases your rate of health regeneration.
 r - a +0 cloak (worn)
Scrolls
 d - a scroll of fog {unknown}
 g - a scroll of identify
 h - a scroll of immolation {unknown}
 j - a scroll of vulnerability
 k - a scroll of amnesia {unknown}
 m - a scroll of magic mapping {unknown}
 n - a scroll of teleportation {unknown}
 p - a scroll of enchant weapon {unknown}
 s - a scroll of enchant armour {unknown}
Potions
 b - a potion of ambrosia
 e - a potion of heal wounds
 i - 4 potions of curing
 l - a potion of haste
 o - a potion of invisibility {unknown}


   Skills:
 + Level 4.5 Fighting
 + Level 1.9 Armour
 - Level 2.9 Dodging
 + Level 4.4 Unarmed Combat


You had 4 spell levels left.
You didn't know any spells.
Your spell library contained the following spells:

 Spells                   Type           Power      Damage    Failure   Level
 Cigotuvi's Dreadful Rot  Necr/Pois/Air  0%         N/A       82%         2
 Lesser Beckoning         Tloc           0%         N/A       82%         2
 Call Canine Familiar     Summ           0%         N/A       96%         3
 Gell's Gravitas          Tloc           0%         N/A       96%         3
 Ignite Poison            Fire/Tmut/Pois 0%         N/A       96%         3
 Portal Projectile        Hex/Tloc       0%         N/A       96%         3
 Teleport Other           Tloc           0%         N/A       96%         3
 Tukima's Dance           Hex            0%         N/A       96%         3
 Leda's Liquefaction      Hex/Erth       0%         N/A       100%        4
 Sticky Flame             Conj/Fire      0%         2d3       100%        4
 Freezing Cloud           Conj/Ice/Air   0%         6-21      100%        5
 Ignition                 Fire           0%         3d3       100%        8
 Blade Hands              Tmut           Unusable   N/A       N/A         5

Dungeon Overview and Level Annotations

Branches:
Dungeon (4/15)
 Temple: D:4-7

Altars:
Dithmenos
Yredelemnul


Innate Abilities, Weirdness & Mutations

You are immune to poison.
You have sharp fingernails.
Your flesh is cold resistant. (rC+)
You are immune to negative energy. (rN+++)
You do not regenerate when monsters are visible.
You are immune to unholy pain and torment.
You thrive by killing the living.


Message History

You add the spells Cigotuvi's Dreadful Rot and Freezing Cloud to your library.
Found an escape hatch in the floor.
You now have 112 gold pieces (gained 8).
Found a stone staircase leading up.
There is a stone staircase leading up here.
An endoplasm comes into view.
The endoplasm quivers.
An endoplasm is nearby!
An endoplasm is nearby!
The endoplasm freezes you.
You are frozen.
You resist.
You barely miss the endoplasm. The endoplasm closely misses you.
You scratch the endoplasm. You claw the endoplasm.
You kill the endoplasm!
Dithmenos accepts your kill.
No target in view!
There is an escape hatch in the floor here.
A jelly comes into view.
The jelly quivers.
A jelly is nearby!
A jelly is nearby!
The jelly hits you. The acid corrodes you!
You are splashed with acid!
You scratch the jelly but do no damage.
Your claws burn!
The jelly closely misses you.
You scratch the jelly but do no damage. The acid corrodes you!
Your claws burn!
The jelly hits you.
You are splashed with acid!
You barely miss the jelly. The jelly closely misses you.
You scratch the jelly but do no damage. The acid corrodes you!
Your claws burn!
You claw the jelly, but do no damage. The jelly misses you.
You scratch the jelly but do no damage.
Your claws burn!
The jelly hits you. The acid corrodes you!
You are splashed with acid!
You scratch the jelly but do no damage. The acid corrodes you!
Your claws burn!
* * * LOW HITPOINT WARNING * * *
The jelly completely misses you.
You scratch the jelly but do no damage.
Your claws burn!
* * * LOW HITPOINT WARNING * * *
The jelly hits you.
* * * LOW HITPOINT WARNING * * *
You are splashed with acid!
You die...

..# #..##...#
##.####.# ...
.....#..##
#..#..## .#
.........#
###...###
.###.....#
##...#.##
##....###...###.#
..........# #.#
.........## ###
.........#
........@#
..##....J# .
#...... ##......
#.......
.........
......####.
......## #.


You could see a jelly.

Vanquished Creatures
  A jelly (D:4)
  A sleepcap (D:4)
  2 adders (D:4)
  2 dart slugs
  An orc (D:3)
  8 endoplasms
  2 giant cockroaches
  5 goblins
  4 hobgoblins
  4 jackals (D:3)
  3 ball pythons
  6 bats
  3 frilled lizards
  4 kobolds
  A rat (D:2)
47 creatures vanquished.

Vanquished Creatures (others)
  9 plants (D:3)
9 creatures vanquished.

Grand Total: 56 creatures vanquished

Notes
Turn   | Place    | Note
-------+----------+-------------------------------------------
     0 | D:1      | Anothat the Ghoul Monk began the quest for the Orb.
     0 | D:1      | Reached XP level 1. HP: 19/19 MP: 0/0
   143 | D:1      | Reached XP level 2. HP: 24/26 MP: 1/1
   335 | D:1      | Found a faded altar of an unknown god.
   487 | D:1      | Prayed at the altar of an unknown god.
   487 | D:1      | Became a worshipper of Dithmenos the Shadowed
   487 | D:1      | Reached * piety under Dithmenos
   487 | D:1      | Reached ** piety under Dithmenos
   644 | D:2      | Reached *** piety under Dithmenos
   645 | D:2      | Reached XP level 3. HP: 33/33 MP: 2/2
   802 | D:2      | Found a basalt altar of Yredelemnul.
  1310 | D:3      | Reached skill level 1 in Armour
  1350 | D:4      | Reached XP level 4. HP: 28/40 MP: 3/3
  1572 | D:4      | Identified the +1 ring mail "Non Wurph" {rF+ Regen+}
  1674 | D:4      | Reached XP level 5. HP: 37/47 MP: 4/4
  1856 | D:4      | Splashed by a jelly's acid

Illustrated notes

Levels and vault maps discovered:
D:1:      doesnt_arrival_eight_statues, layout_basic,
          ebering_ecumenical_altar_mist, minmay_misc_feat_secret_circle
D:2:      layout_basic, basic_altar, minmay_pentomino_s2
D:3:      layout_rooms, mainiacjoe_overflow_chevrons, dk_xom_monty_hall,
          dk_noncrumbling_3, serial_bayou_lagoon_a, minmay_between
D:4:      layout_layer_cave

Skill      XL: |  1  2  3 |
---------------+----------+-----
Armour         | 1 |  1.9
Fighting       | 4 |  4.5
Unarmed Combat | 4 |  4.4
Dodging        | |  2.9

Action                     |  1- 3 |  4- 6 || total
---------------------------+-------+-------++-------
  Melee: Unarmed           |    90 |    23 ||   113
         Punch             |     2 |     2 ||     4
    Use: Scroll            |     5 |       ||     5
 Armour: Robe              |     4 |       ||     4
         Ring mail         |    26 |     2 ||    28
  Dodge: Dodged            |    66 |     9 ||    75
